Map: Port Aleksander LE

Players

HolyHit

  • Race: Protoss Protoss
  • Spawn Location: 11:00

Creed - Winner!

  • Race: Terran Terran
  • Spawn Location: 5:00

Event: 2019 WCS Spring

VOD

Have the link to the VOD?

Description

Time

  • Played on: May 17, 2019, 11:25 a.m.
  • Length: 10:57

All games in this series

Show
View Real Time Build Order
Export as new Build Order

HolyHit Protoss 

Build Orders: 1 Gate Expand, Colossus Rush 

Get SALT Encoding   

  12  0:00  Probe  
  13  0:13  Probe  
  14  0:18  Pylon  
  14  0:24  Probe  
  15  0:32  Probe  
  15  0:37  Gateway  
  15  0:40  Probe  
  16  0:46  Assimilator  
  17  0:51  Probe  
  18  1:03  Probe  
  19  1:15  Probe  
  20  1:24  Nexus  
  20  1:34  Cybernetics Core  
  20  1:37  Probe  
  21  1:46  Assimilator  
  21  1:52  Probe  
  22  1:57  Pylon  
  22  2:04  Probe  
  22  2:05  Adept  
  23  2:12  Probe  
  24  2:20  Probe  
  25  2:23  Robotics Facility  
  25  2:27  Warp Gate  
  26  2:30  Probe  
  27  2:37  Stalker  
  27  2:38  Probe  
  27  2:43  Probe  
  31  2:46  Probe  
  32  2:55  Probe  
  32  2:56  Probe  
  34  3:08  Probe  
  34  3:12  Probe  
  35  3:13  Observer  
  35  3:18  Robotics Bay  
  37  3:20  Probe x2  
  37  3:21  Stalker  
  41  3:31  Gateway  
  41  3:33  Gateway  
  41  3:36  Warp Prism  
  43  3:43  Probe  
  43  3:44  Probe  
  43  3:49  Pylon  
  43  3:55  Assimilator, Probe  
  44  3:56  Probe  
  44  3:57  Assimilator  
  45  4:04  Disruptor  
  45  4:06  Gravitic Drive  
  45  4:07  Probe  
  46  4:11  Probe  
  50  4:18  Pylon  
  50  4:19  Probe  
  50  4:23  Probe  
  52  4:29  Stalker  
  54  4:33  Disruptor  
  54  4:35  Pylon  
  54  4:36  Probe  
  55  4:38  Gateway  
  55  4:40  Gateway  
  55  4:45  Probe  
  59  4:49  Probe  
  59  4:57  Twilight Council  
  59  4:59  Forge  
  59  5:00  Sentry  
  59  5:05  Probe  
  59  5:06  Colossus, Probe  
  63  5:17  Pylon  
  69  5:28  Pylon  
  69  5:30  Pylon  
  68  5:38  Stalker, Pylon  
  68  5:39  Stalker  
  66  5:48  Stalker x2  
  66  5:51  Probe  
  66  5:53  Zealot x2  
  66  5:54  Zealot  
  66  5:55  Probe  
  56  6:03  Probe  
  55  6:08  Probe  
  56  6:15  Probe  
  56  6:17  Pylon, Blink  
  54  6:20  Probe, Disruptor  
  58  6:28  Probe  
  58  6:31  Protoss Ground Weapons Level 1  
  58  6:32  Probe  
  60  6:40  Probe  
  60  6:41  Sentry  
  60  6:44  Probe  
  64  6:52  Probe  
  65  6:56  Probe  
  60  7:04  Probe, Disruptor  
  64  7:08  Probe  
  65  7:16  Nexus, Probe  
  65  7:17  Pylon  
  65  7:20  Sentry  
  68  7:26  Probe  
  69  7:30  Stalker x3  
  69  7:32  Probe  
  76  7:38  Probe  
  77  7:50  Probe  
  77  7:51  Colossus  
  84  7:52  Probe, Gateway  
  85  7:58  Stalker  
  85  8:02  Stalker  
  89  8:12  Zealot x2  
  93  8:18  Pylon  
  91  8:20  Pylon  
  91  8:23  Pylon  
  85  8:32  Zealot x2  
  66  8:42  Pylon  
  66  8:43  Probe  
  66  8:44  Pylon  
  65  8:53  Stalker x2  
  65  8:55  Probe x2  
  62  9:04  Stalker  
  62  9:08  Stalker  
  62  9:09  Stalker  
  68  9:10  Pylon  
  59  9:19  Probe  
  59  9:20  Probe x2  
  59  9:22  Stalker  
  70  9:27  Disruptor  
  70  9:29  Stalker x2  
  71  9:33  Probe  
  71  9:38  Stalker x2  
  71  9:50  Stalker  
  69  9:53  Probe x2  
  69  9:58  Stalker x2  
  64  10:03  Stalker  
  53  10:07  Stalker  
  53  10:09  Probe  
  53  10:13  Stalker  
  46  10:22  Stalker  
  46  10:25  Probe x2  
  50  10:34  Stalker  
  52  10:37  Probe  
  53  10:43  Stalker  
Show
View Real Time Build Order
Export as new Build Order

Creed Terran - Winner!

Build Orders: Reaper Expand 

Get SALT Encoding   

  12  0:00  SCV  
  13  0:13  SCV  
  14  0:18  Supply Depot  
  14  0:25  SCV  
  15  0:39  SCV  
  15  0:40  Barracks  
  16  0:44  Refinery  
  16  0:51  SCV  
  17  1:03  SCV  
  18  1:15  SCV  
  19  1:28  Reaper, Orbital Command  
  20  1:52  Command Center  
  19  1:54  SCV  
  20  2:02  Barracks Reactor  
  20  2:04  Supply Depot  
  20  2:06  SCV  
  21  2:15  Barracks  
  21  2:18  SCV  
  22  2:27  Barracks  
  22  2:30  SCV  
  23  2:40  Marine x2  
  23  2:42  SCV  
  26  2:55  SCV  
  26  2:57  Marine  
  26  2:58  Marine  
  29  3:04  Barracks Tech Lab  
  29  3:06  SCV  
  29  3:14  Barracks Tech Lab  
  29  3:15  SCV  
  29  3:18  Orbital Command, Marine x2  
  32  3:22  Stimpack  
  32  3:23  Marauder  
  32  3:25  Refinery  
  34  3:27  SCV  
  34  3:31  Combat Shield  
  35  3:37  Marauder, Marine  
  35  3:39  Marine  
  39  3:47  Marauder  
  39  3:48  SCV  
  42  3:49  SCV  
  42  3:54  Supply Depot  
  43  3:58  Marauder  
  43  4:00  SCV  
  46  4:16  SCV, Supply Depot, Marauder, Marine x2  
  51  4:20  Marauder  
  51  4:24  Engineering Bay  
  53  4:27  SCV, Factory  
  54  4:38  SCV, Marine x2  
  57  4:42  Supply Depot  
  57  4:43  Supply Depot  
  57  4:44  Marauder  
  59  4:46  SCV  
  60  4:54  Marauder, Concussive Shells  
  60  4:59  Refinery  
  62  5:03  Terran Infantry Weapons Level 1, SCV x2  
  62  5:05  Marine x2  
  66  5:09  Marauder  
  68  5:15  SCV, Supply Depot  
  69  5:22  Starport  
  69  5:25  Marine x3  
  69  5:28  SCV  
  73  5:29  SCV  
  74  5:36  Marauder  
  74  5:39  Supply Depot  
  70  5:54  SCV x2  
  70  5:55  Marine x2  
  70  5:56  Marauder  
  76  5:58  Marauder  
  78  6:06  SCV x2  
  74  6:13  Factory Reactor, Marine  
  74  6:14  Viking  
  74  6:17  Marauder, Marine  
  74  6:18  SCV x2  
  71  6:24  Bunker  
  71  6:25  Missile Turret  
  71  6:26  Missile Turret  
  71  6:32  Marauder, Marine  
  74  6:33  Missile Turret  
  74  6:34  SCV x2  
  76  6:43  Marine  
  76  6:44  Marauder  
  79  6:48  SCV x2  
  81  7:00  SCV  
  77  7:02  Terran Infantry Armor Level 1  
  77  7:04  Factory Reactor  
  77  7:05  Medivac x2  
  77  7:07  Command Center, Refinery  
  80  7:09  SCV  
  80  7:11  Marine x2  
  80  7:13  Marauder  
  85  7:17  Marauder  
  85  7:22  Supply Depot x2  
  87  7:25  SCV x2  
  87  7:29  Marine  
  90  7:33  Marine  
  90  7:34  Medivac  
  93  7:43  Medivac  
  95  7:46  SCV x2  
  95  7:47  Marine  
  95  7:48  Marauder x2  
  95  7:51  Widow Mine x2  
  106  7:53  Supply Depot  
  106  7:54  Supply Depot  
  106  7:58  SCV  
  106  7:59  SCV  
  106  8:05  Marine  
  109  8:15  Viking x2, Marauder  
  109  8:19  Marine  
  118  8:20  Marauder  
  105  8:28  Marine  
  102  8:37  Marauder, Marine  
  102  8:39  SCV x2  
  102  8:41  Marine  
  104  8:45  Orbital Command  
  104  8:48  Barracks  
  104  8:49  Barracks  
  104  8:53  Marine  
  101  8:58  Marauder  
  101  8:59  Marauder  
  103  9:03  Marine  
  103  9:04  Widow Mine  
  103  9:07  Armory, SCV x2  
  103  9:09  Starport  
  108  9:11  Orbital Command  
  108  9:16  Marine  
  109  9:19  SCV, Marauder  
  109  9:20  Marauder  
  109  9:21  Medivac x2  
  116  9:31  Marine  
  116  9:34  SCV x2  
  116  9:38  SCV  
  118  9:39  Barracks Reactor, Barracks Tech Lab  
  118  9:41  Marauder  
  120  9:46  SCV  
  120  9:51  Marine  
  120  9:52  Marauder  
  120  9:59  Marine x2  
  113  10:00  Medivac  
  113  10:01  SCV x3  
  113  10:02  Marauder  
  111  10:07  Engineering Bay  
  111  10:10  Marine  
  111  10:13  SCV, Marauder  
  111  10:17  Marauder  
  111  10:18  Marine  
  112  10:22  Marine x2  
  112  10:24  Marauder, SCV x2  
  112  10:25  SCV  
  114  10:28  Marine  
  114  10:35  Marauder  
  119  10:36  SCV x2, Marine  
  119  10:39  Command Center, Factory Reactor  
  119  10:41  SCV  
  119  10:42  Refinery  
  126  10:43  Refinery  
  126  10:46  Barracks  
  126  10:47  Barracks  
Tags
 
Add a new tag
Caveats
  • Supply blocks, unpowered buildings, or Contaminate may cause inaccurate times.
  • Supply counts are checked every 10 seconds.